AoeStats
← Pillage The Village

Arabia

504424289Analyzed
1v1 RM · 27d ago on Sep 5, 2026· 44m 23s· 2 players
Game mode
Random Map
Map size
Tiny (2 player)
Population
200
Speed
Normal
Resources
Standard
Victory
Conquest
Starting age
Dark Age
Ending age
Imperial Age
RankedLock teamsTeams togetherTeam positionsShared explorationLock speedFull tech treeHidden civsTurbo modeCheats
Victory
Defeat
🇧🇪 Mongols · Belgium
1452
+16
🇩🇪 Saracens · Germany
1442
-16
mensamann
7:49 Loom
10:13 Feudal Age
10:59 Double-Bit Axe
13:18 Horse Collar
16:27 Scale Mail Armor
16:17 Fletching
20:12 Wheelbarrow
23:24 Castle Age
23:28 Crossbowman
24:05 Bodkin Arrow
24:11 Padded Archer Armor
24:06 Gold Mining
30:17 Ballistics
34:55 Imperial Age
35:01 Arbalester
35:47 Thumb Ring
35:46 Bracer
Pillage The Village
6:35 Loom
8:20 Feudal Age
9:33 Double-Bit Axe
17:28 Fletching
21:07 Castle Age
19:48 Gold Mining
20:10 Padded Archer Armor
21:12 Elite Skirmisher
21:48 Bodkin Arrow
24:18 Bow Saw
25:01 Leather Archer Armor
27:10 Ballistics
34:50 Scale Barding Armor
38:23 Forging
43:56 Imperial Age
Connection lost

Rejoining the realm…

Still unreachable

The connection could not be restored.

Session expired

The server has moved on; the page needs a fresh start.